 Dungeon Crawl Stone Soup version 0.31-a0-986-g5e6e4ef867 (webtiles) character file.

Game seed: 17451227759288286760

120 dialectric the Cudgeller (level 4, -1/64 (67) HPs)
             Began as a Troll Berserker on Nov 24, 2023.
             Was a Believer of Trog.
             Slain by Crazy Yiuf
             ... wielding a +4 quarterstaff of chaos
              (2 damage)
             ... on level 2 of the Dungeon.
             The game lasted 00:02:44 (1218 turns).

dialectric the Cudgeller (Troll Berserker)          Turns: 1218, Time: 00:02:44

HP:   -1/64 (67)    AC:  5    Str: 31    XL:     4   Next: 75%
MP:   0/3           EV: 11    Int:  3    God:    Trog [**....]
Gold: 114           SH:  0    Dex: 17    Spells: 3/3 levels left

rFire   . . .        a - +0 mace
rCold   . . .        (no shield)
rNeg    . . .        b - +0 animal skin
rPois   .            l - +1 hat
rElec   .            (no cloak)
rCorr   .            (gloves unavailable)
SInv    .            (boots unavailable)
Will    .....        (no amulet) Stlth
                     n - +6 ring of strength
HPRegen 1.10/turn    k - +6 ring of dexterity
MPRegen 0.08/turn

%: no passive effects
@: berserking, lightly drained, very quick
A: large, unfitting armour, claws 3, regeneration 1, shaggy fur 1, tough skin 1
a: Renounce Religion, Berserk, Trog's Hand


You were on level 2 of the Dungeon.
You worshipped Trog.
Trog was pleased with you.
You visited 1 branch of the dungeon, and saw 4 of its levels.

You collected 114 gold pieces.

Inventory:

Hand Weapons
 a - a +0 mace (weapon)
Missiles
 e - 6 curare-tipped darts (quivered)
Armour
 b - a +0 animal skin (worn)
 l - a +1 hat (worn)
Jewellery
 k - a +6 ring of dexterity (right claw)
 n - a +6 ring of strength (left claw)
 o - an amulet of regeneration
 r - a ring of fire
Talismans
 f - a flux talisman
Scrolls
 c - a scroll of blinking
 d - a scroll of fear {unknown}
 g - 3 scrolls of identify {unknown}
 h - 4 scrolls of teleportation {unknown}
 p - a scroll of enchant armour {unknown}
Potions
 i - 2 potions of curing {unknown}
 j - 2 potions of might
 m - a potion of invisibility {unknown}
 q - a potion of degeneration {unknown}


   Skills:
 + Level 3.3 Fighting
 + Level 3.4 Maces & Flails
 * Level 3.4 Dodging


You had 3 spell levels left.
You didn't know any spells.
Your spell library was empty.

Dungeon Overview and Level Annotations

Branches:
Dungeon (4/15)
 Temple: D:4-7

Altars:

Annotations:
D:2 Crazy Yiuf


Innate Abilities, Weirdness & Mutations

You are too large for most types of armour.
You have claws for hands.
Your natural rate of healing is unusually fast.
You are covered in fur. (AC +1)
You have tough skin. (AC +1)


Message History

No target in view!
Crazy Yiuf shouts!
You see here a bat skeleton.
You see here a bat skeleton.
Key pressed, stopping explore.
No target in view!
No target in view!
No target in view!
No target in view!
You open the door. You barely miss Crazy Yiuf. Crazy Yiuf closely misses you.
You hit Crazy Yiuf.
Crazy Yiuf is lightly wounded.
Crazy Yiuf closely misses you.
You sock Crazy Yiuf!
Crazy Yiuf is heavily wounded.
Crazy Yiuf whimpers, "Buddy sallow broken!"
Crazy Yiuf hits you with a +4 quarterstaff of chaos!
You feel your power leaking away.
You hit Crazy Yiuf but do no damage.
Crazy Yiuf is heavily wounded.
Crazy Yiuf whimpers, "Line noodlescoop disdain!"
Crazy Yiuf hits you with a +4 quarterstaff of chaos.
Crazy Yiuf freezes you.
Crazy Yiuf hits you with a +4 quarterstaff of chaos!
Crazy Yiuf draws strength from your wounds!
A red film seems to cover your vision as you go berserk!
You feel yourself moving faster!
You feel mighty!
Crazy Yiuf hits you with a +4 quarterstaff of chaos!
You closely miss Crazy Yiuf.
Crazy Yiuf is moderately wounded.
Crazy Yiuf laughs, "Walk sing-song return to song!"
Crazy Yiuf hits you with a +4 quarterstaff of chaos!
* * * LOW HITPOINT WARNING * * *
You closely miss Crazy Yiuf.
Crazy Yiuf is moderately wounded.
Crazy Yiuf hits you with a +4 quarterstaff of chaos!
* * * LOW HITPOINT WARNING * * *
You feel drained.
You die...

###### #####
.....##
#..)#
......##
#...#
.....>.# ...
÷......# #g#
.......#
♣♣@♣
.......#
♣.♣♣
.......#####
♣♣.♣
........##.#
♣.♣♣
...........#
♣♣.♣♣
.......#####
♣...♣♣
...........#
♣♣...♣
.......#####
#...)#
......÷#
#+..+#


You could see Crazy Yiuf.

Vanquished Creatures
  An iguana (D:4)
  2 adders
  A worm (D:4)
  2 dart slugs (D:3)
  8 orcs
  An endoplasm (D:1)
  A giant cockroach (D:3)
  2 goblins
  4 hobgoblins
  7 jackals
  3 kobolds
  3 quokkas (D:2)
  10 ball pythons
  7 bats
  5 rats
57 creatures vanquished.

Notes
Turn   | Place    | Note
-------+----------+-------------------------------------------
     0 | D:1      | dialectric the Troll Berserker began the quest for the Orb.
     0 | D:1      | Reached XP level 1. HP: 22/22 MP: 0/0
   152 | D:1      | Reached XP level 2. HP: 29/29 MP: 1/1
   356 | D:2      | Reached ** piety under Trog
   370 | D:2      | Reached XP level 3. HP: 36/36 MP: 2/2
   482 | D:2      | You fall into a shaft and drop 2 floors!
   571 | D:4      | Reached XP level 4. HP: 19/45 MP: 3/3
  1154 | D:2      | Found a runed translucent door.
  1155 | D:2      | Noticed Crazy Yiuf
  1218 | D:2      | HP: 1/67 [Crazy Yiuf/+4 quarterstaff of chaos (16)]
  1218 | D:2      | Slain by Crazy Yiuf

Illustrated notes

Levels and vault maps discovered:
D:1:      ncdulo_smallfort, layout_rooms
D:2:      layout_rooms, hangedman_decor_peaks_small, uniq_crazy_yiuf_cottage
D:3:      layout_rooms, minivault_24, chequers_avenue
D:4:      layout_basic, overflow_temple_1_default, minmay_temple_entry_ruins,
          serial_rivers, chequers_serial_rivers_micro_d,
          chequers_serial_rivers_small_a, chequers_serial_rivers_micro_a,
          chequers_serial_rivers_large_a, chequers_serial_rivers_room_b,
          chequers_serial_rivers_large_b

Skill      XL: |  1  2  3 |
---------------+----------+-----
Maces & Flails | 3 |  3.4
Fighting       | 3 |  3.3
Dodging        | 3 |  3.4

Action                     |  1- 3 |  4- 6 || total
---------------------------+-------+-------++-------
  Melee: Mace              |   119 |    49 ||   168
         Punch             |     3 |       ||     3
 Invoke: Berserk           |     1 |     1 ||     2
    Use: Scroll            |       |     1 ||     1
         Potion            |       |     1 ||     1
   Stab: Sleeping          |       |     2 ||     2
 Armour: Animal skin       |   127 |    26 ||   153
  Dodge: Dodged            |    96 |    20 ||   116

Table legend: (Time is in decaauts)
 A = Elapsed time spent in this place.
 B = Non-inter-level travel time spent in this place.
 C = Inter-level travel time spent in this place.
 D = Time resting spent in this place.
 E = Time spent auto-exploring this place.
 F = Levels seen in this place.
 G = Mean time per level.
                   A        B        C        D        E       F      G
               +--------+--------+--------+--------+--------+-----+--------+
         Total |   1260 |   1244 |     16 |      0 |    722 |   4 |  315.0 |
       Dungeon |   1260 |   1244 |     16 |      0 |    722 |   4 |  315.0 |
               +--------+--------+--------+--------+--------+-----+--------+

Top non-repeatable levels by time:
     D:2: 398 daAuts
     D:3: 362 daAuts
     D:1: 318 daAuts
     D:4: 181 daAuts
